 Dungeon Crawl Stone Soup version 0.19-a0-1071-g4ed3155 (webtiles) character file.

18 mistymad the Ducker (level 2, 0/18 HPs)
             Began as a Felid Transmuter on Aug 5, 2016.
             Slain by an ooze (1 damage)
             ... on level 2 of the Dungeon.
             The game lasted 00:03:28 (913 turns).

mistymad the Ducker (Felid Transmuter)               Turns: 913, Time: 00:03:28

Health: 0/18       AC:  1    Str: 11    XL:     2   Next: 48%
Magic:  4/6        EV: 18    Int: 14    God:
Gold:   35         SH:  0    Dex: 16    Spells: 2 memorised, 2 levels left
                                        Lives:  0   Deaths: 0

rFire  . . .     SeeInvis +       - Unarmed
rCold  . . .     Gourm    .     (armour unavailable)
rNeg   . . .     Faith    .     (shield unavailable)
rPois  .         Spirit   .     (helmet unavailable)
rElec  .         Dismiss  .     (cloak unavailable)
rCorr  .         Reflect  .     (gloves unavailable)
SustAt .         Harm     .     (boots unavailable)
MR     .....                    (no amulet)
Stlth  ..........               (no ring)
                                (no ring)

@: berserking, appendage, very slightly contaminated, invisible, very quick
A: no armour, no weapons or thrown items, claws 1, fangs 3, horns 2, see
invisible, carnivore 3, speed 1, shaggy fur 1, slow metabolism 1, sharp paws
a: End Transformation


You were on level 2 of the Dungeon.
You were not hungry.
You had grown temporary horns.
You visited 1 branch of the dungeon, and saw 2 of its levels.

You collected 35 gold pieces.

Inventory:

Missiles
 a - 12 arrows
Scrolls
 d - 2 scrolls of magic mapping {unknown}
 e - a scroll of identify {unknown}
 f - a scroll of remove curse {unknown}
 h - a scroll of recharging {unknown}
Books
 b - a book of Changes

   Spells                             Type                      Level
   a - Beastly Appendage              Transmutation                1
   b - Sticks to Snakes               Transmutation                2
   c - Spider Form                    Transmutation/Poison         3
   d - Ice Form                       Ice/Transmutation            4
   e - Blade Hands                    Transmutation                5
Comestibles
 c - a meat ration


   Skills:
 - Level 1.0 Fighting
 - Level 3.1 Dodging
 + Level 3.1 Unarmed Combat
 + Level 2.3 Spellcasting
 + Level 2.6 Transmutations


You had 2 spell levels left.
You knew the following spells:

 Your Spells              Type           Power        Failure   Level  Hunger
a - Beastly Appendage     Tmut           #.....       10%         1    #......
b - Sticks to Snakes      Tmut           #.......     14%         2    ###....


Dungeon Overview and Level Annotations

Branches:
Dungeon (2/15)

Altars:

Annotations:
D:2 Ijyb


Innate Abilities, Weirdness & Mutations

You cannot wear armour.
You are incapable of wielding weapons or throwing items.
You have sharp claws.
You have razor-sharp teeth.
You have supernaturally acute eyesight. (SInv)
You are carnivorous and can eat meat at any time.
You cover ground quickly.
You are covered in fur. (AC +1)
You have a slow metabolism.
Your sharp claws are effective at attacking unaware monsters.
You have a pair of horns on your head.


Message History

The ooze closely misses you. Ijyb misses you.
You now have 5/6 mp.
Unknown command.
Casting: Beastly Appendage
Confirm with . or Enter, or press ? or * to list all spells.
You grow a pair of large bovine horns.
The ooze closely misses you. Ijyb completely misses you.
You now have 4/6 mp.
Unknown command.
You scratch Ijyb but do no damage.
Ijyb is heavily wounded.
The ooze hits you.
* * * LOW HITPOINT WARNING * * *
Ijyb hits you but does no damage.
You take 2 damage, and have 1/12 hp.
Unknown command.
It was a potion of berserk rage.
A red film seems to cover your vision as you go berserk!
You feel yourself moving faster!
You feel mighty! The ooze hits you.
You die...

##.# #.# ...########
#.# #####.....# #.#
..# #.....# #.####
#.# #.....#####....#
..# #..........###J#
#.###......###.# #.#
...........###.###<#
#.#.#####..#...g@J.#
.......##..#.#.#####
#.#.##.##..#.#.#
#.#.##.##......#
..#......g##.###
........####.#
######.......#
##.###### ##†##


You could see Ijyb and an ooze.

Vanquished Creatures
  A giant gecko (D:1)
  A ball python (D:2)
  2 goblins (D:1)
  3 hobgoblins
  A kobold (D:1)
  2 bats (D:1)
  3 giant newts
  3 rats (D:1)
16 creatures vanquished.

Notes
Turn   | Place    | Note
-------+----------+-------------------------------------------
     0 | D:1      | mistymad the Felid Transmuter began the quest for the Orb.
     0 | D:1      | Reached XP level 1. HP: 9/9 MP: 4/4
   485 | D:1      | Reached XP level 2. HP: 9/12 MP: 4/6
   540 | D:1      | Learned a level 2 spell: Sticks to Snakes
   850 | D:2      | Noticed Ijyb
   913 | D:2      | Slain by an ooze

Vault maps used:
D:1:      lightli_arrival_isolated_outpost
D:2:      nicolae_overflow_crystal_walls, uniq_iyjb

Skill      XL: |  1 |
---------------+----+-----
Dodging        | 3 |  3.1
Fighting       | |  1.0
Unarmed Combat | |  3.1
Spellcasting   | |  2.3
Transmutations | |  2.6

Action                   || total
-------------------------++-------
Melee: Unarmed           ||    53
       Headbutt          ||     6
       Punch             ||     1
 Cast: Beastly Appendage ||    16
  Use: Potion            ||     2
 Stab: Sleeping          ||     1
       Invisible         ||     1
  Eat: Chunk             ||     3
Armor: Skin              ||     1
Dodge: Dodged            ||    50
